 Dungeon Crawl Stone Soup version 0.30.0-29-ga12c61a403 (webtiles) character file.

Game seed: 11225538576061758670

600 qw the Chopper (level 7, -12/43 HPs)
             Began as a Gargoyle Fighter on June 4, 2023.
             Killed by divine providence
             ... invoked by an orc priest
              (15 damage)
             ... on level 4 of the Dungeon.
             The game lasted 00:01:25 (2909 turns).

qw the Chopper (Gargoyle Fighter)                   Turns: 2909, Time: 00:01:26

Health: -12/43     AC: 12    Str: 21    XL:     7   Next: 41%
Magic:  7/7        EV:  9    Int:  9    God:
Gold:   142        SH:  0    Dex:  9    Spells: 6/6 levels left

rFire   . . .        Y - +7 war axe
rCold   . . .        c - +0 buckler
rNeg    + . .        b - +0 scale mail
rPois   inf          (no helmet)
rElec   +            (no cloak)
rCorr   .            h - +0 pair of gloves
SInv    .            (no boots)
Will    .....        (no amulet) Stlth
                     (no ring)
HPRegen 0.27/turn    (no ring)
MPRegen 0.10/turn

%: no passive effects
@: confused
A: sickness immunity, AC +4, negative energy resistance 1, electricity
resistance, torment resistance 1, petrification resistance
a: no special abilities


You were on level 4 of the Dungeon.
You visited 1 branch of the dungeon, and saw 4 of its levels.

You collected 142 gold pieces.


Innate Abilities, Weirdness & Mutations

You are immune to sickness and miasma.
Your stone body is resilient. (AC +4)
You are immune to poison.
You resist negative energy. (rN+)
You are resistant to electric shocks. (rElec)
You are resistant to unholy torment.
You are immune to petrification.


   Skills:
 - Level 4.0 Fighting
 + Level 6.6 Axes
 - Level 1.0 Throwing
 - Level 3.2 Armour
 - Level 1.2 Dodging
 - Level 3.2 Shields


You had 6 spell levels left.
You didn't know any spells.
Your spell library was empty.

Inventory:

Hand Weapons
 f - a +0 flail
 Y - a +7 war axe (weapon)
Armour
 b - a +0 scale mail (worn)
 c - a +0 buckler (worn)
 h - a +0 pair of gloves (worn)
 k - a +4 ring mail
Jewellery
 m - a +6 ring of dexterity
Scrolls
 a - a scroll of identify
 g - a scroll of enchant armour {unknown}
 i - a scroll of teleportation {unknown}
Potions
 d - a potion of might
 e - a potion of heal wounds {unknown}
 j - a potion of haste {unknown}

Dungeon Overview and Level Annotations

Branches:
Dungeon (4/15)
 Temple: D:4-7

Altars:
Yredelemnul

Shops:
D:1 ([


Message History

Beogh smites you!
You slash the orc!
You kill the orc!
You slash the orc priest!
The orc priest is heavily wounded.
The orc priest looks satisfied for a moment.
The orc priest mumbles some strange prayers to Beogh against you.
Pain shoots through your body!
You slash the orc priest!
You kill the orc priest!
You see here a +0 whip.
Found a scroll labelled RETZEQ MERURGH.
The orc wizard barely misses you.
You slash the orc priest!
The orc priest is almost dead.
You slash the orc wizard!
The orc wizard points at you and mumbles some strange words.
The magic dart hits you! You block the orc priest's attack.
You hit the orc priest.
The orc priest is almost dead.
You closely miss the orc wizard.
The orc wizard hits you but does no damage.
The orc priest mumbles some strange prayers to Beogh against you.
Pain shoots through your body!
You barely miss the orc priest.
The orc priest is almost dead.
You closely miss the orc wizard.
The orc wizard gestures at you while chanting.
You are confused.
The orc priest mumbles some strange prayers to Beogh against you.
Beogh smites you!
The orc wizard hits you but does no damage.
The orc priest calls upon Beogh to heal the orc wizard.
The orc wizard is healed somewhat.
The orc wizard hits you but does no damage.
The orc priest hits you but does no damage.
The orc wizard hits you but does no damage.
The orc priest invokes the aid of Beogh against you.
Beogh smites you!
You die...

## .............?.
...................#
.......((..........#
...................#
...................#
...................#
.......oo........?.#
.......@...........#####
.......)...............#
........)..........###..
...................# ###
...................#
..........%........#
...................#
...................#
...................#


You could see an orc priest and an orc wizard.

Vanquished Creatures
  Grinder (D:3)
  2 scorpions (D:4)
  A jelly (D:3)
  2 orc priests
  7 adders
  4 gnolls (D:4)
  3 worms (D:4)
  3 dart slugs
  4 orcs
  9 endoplasms
  3 giant cockroaches
  12 goblins
  4 hobgoblins
  4 quokkas
  3 ball pythons (D:2)
  8 bats
  3 frilled lizards
  6 kobolds
  6 rats
85 creatures vanquished.

Vanquished Creatures (others)
  A goblin (D:1)
  A hobgoblin (D:1)
2 creatures vanquished.

Grand Total: 87 creatures vanquished

Notes
Turn   | Place    | Note
-------+----------+-------------------------------------------
     0 | D:1      | qw the Gargoyle Fighter began the quest for the Orb.
     0 | D:1      | Reached XP level 1. HP: 14/14 MP: 1/1
     0 | D:1      | 0 ||| qw: Version: 0.2-a-106-g05974ce
     0 | D:1      | 0 ||| qw: Game counter: 1153
     0 | D:1      | 0 ||| qw: Always use a shield: true
     0 | D:1      | 0 ||| qw: God list: Okawaru
     0 | D:1      | 0 ||| qw: Allow faded altars: false
     0 | D:1      | 0 ||| qw: Do Orc after D:15 true
     0 | D:1      | 0 ||| qw: Do second Lair branch before Depths: true
     0 | D:1      | 0 ||| qw: Lair rune preference: random
     0 | D:1      | 0 ||| qw: Plans: Normal, Zot:1-4, Slime:5, God:TSO, Crypt,
                  | Tomb, Abyss, Pan, Hells, Win
     0 | D:1      | 0 ||| PLANNING D:1-11
    38 | D:1      | Reached skill level 2 in Axes
    62 | D:1      | Found Gonaacku's Antique Armour Emporium.
    74 | D:1      | 74 ||| SHOPLISTING glowing cloak (202 gold, have 8).
    74 | D:1      | 74 ||| SHOPLISTING pair of glowing boots (202 gold, have
                  | 8).
    74 | D:1      | 74 ||| SHOPLISTING plate armour (621 gold, have 8).
    74 | D:1      | 74 ||| SHOPLISTING runed ring mail (189 gold, have 8).
    74 | D:1      | 74 ||| SHOPLISTING shiny orb (324 gold, have 8).
    87 | D:1      | Reached XP level 2. HP: 14/19 MP: 2/2
   221 | D:1      | Found Sinoasch's Weapon Boutique.
   228 | D:1      | 228 ||| SHOPLISTING +0 flail (38 gold, have 12).
   228 | D:1      | 228 ||| SHOPLISTING +0 mace (33 gold, have 12).
   293 | D:1      | 293 ||| DROPPING +0 club.
   327 | D:1      | Reached skill level 3 in Axes
   476 | D:1      | Reached XP level 3. HP: 23/23 MP: 3/3
   851 | D:1      | 851 ||| UPGRADING to +0 pair of gloves.
   856 | D:1      | 856 ||| READING 2 scrolls labelled OCIJEPT ESKU.
   857 | D:1      | 857 ||| READING scroll labelled ZAMUSTRUNGE.
   871 | D:1      | 871 ||| READING scroll labelled EMOGHO TET TAN.
   907 | D:2      | 907 ||| STAIRDANCE
   968 | D:2      | Found a basalt altar of Yredelemnul.
   976 | D:2      | 976 ||| Stepping ~*~*~tactically~*~*~ (stealth).
  1226 | D:2      | Reached XP level 4. HP: 28/28 MP: 4/4
  1284 | D:2      | Reached skill level 4 in Axes
  1309 | D:2      | 1309 ||| SWAPPING to +5 war axe.
  1314 | D:2      | 1314 ||| DROPPING +0 war axe.
  1488 | D:2      | 1488 ||| READING scroll labelled JOEKKO QIHUCVO.
  1489 | D:2      | 1489 ||| DRINKING 2 smoky inky potions.
  1490 | D:2      | 1490 ||| DROPPING potion of brilliance.
  1597 | D:3      | Reached XP level 5. HP: 30/32 MP: 5/5
  1736 | D:3      | 1736 ||| Stepping ~*~*~tactically~*~*~ (stealth).
  2130 | D:3      | Noticed Grinder
  2133 | D:3      | Paralysed by Grinder for 4 turns
  2141 | D:3      | Killed Grinder
  2142 | D:3      | Reached skill level 6 in Axes
  2142 | D:3      | Reached XP level 6. HP: 21/37 MP: 6/6
  2306 | D:3      | 2306 ||| Stepping ~*~*~tactically~*~*~ (hiding).
  2320 | D:3      | 2320 ||| Stepping ~*~*~tactically~*~*~ (hiding).
  2438 | D:3      | 2438 ||| READING scroll labelled GAJOMU CANUORPH.
  2439 | D:3      | 2439 ||| READING 2 scrolls labelled TUQISI XYFOAGE.
  2440 | D:3      | 2440 ||| READING scroll of enchant weapon.
  2440 | D:3      | 2440 ||| ENCHANTING +6 war axe.
  2441 | D:3      | 2441 ||| READING scroll labelled XEILAV OLL.
  2442 | D:3      | 2442 ||| READING scroll labelled ICREGE BIJOLAJ.
  2459 | D:4      | 2459 ||| Stepping ~*~*~tactically~*~*~ (stealth).
  2467 | D:4      | Reached skill level 1 in Throwing
  2468 | D:4      | Reached XP level 7. HP: 42/42 MP: 7/7
  2469 | D:4      | 2469 ||| Stepping ~*~*~tactically~*~*~ (stealth).
  2472 | D:4      | 2472 ||| Stepping ~*~*~tactically~*~*~ (stealth).
  2473 | D:4      | 2473 ||| DROPPING +0 whip.
  2474 | D:4      | 2474 ||| Stepping ~*~*~tactically~*~*~ (stealth).
  2494 | D:4      | Found a basalt altar of Yredelemnul.
  2529 | D:4      | Reached skill level 1 in Dodging
  2906 | D:4      | HP: 2/43 [orc priest/divine providence (11)]
  2909 | D:4      | Killed from afar by an orc priest

Levels and vault maps discovered:
D:1:      dpeg_arrival_oval, layout_basic, serial_shops, nicolae_shop_trees,
          shop, lemuel_flame_loot_1
D:2:      minmay_diamond_boxcup, layout_rooms, basic_altar,
          corexii_leaking_fountain, kennysheep_generic_room_4
D:3:      kennysheep_the_goblin_king, layout_loops_corners, uniq_grinder
D:4:      layout_basic, nicolae_overflow_crystal_walls, lemuel_tele_altar,
          minmay_crystal_water

Skill      XL: |  1  2  3  4  5  6  7 |
---------------+----------------------+-----
Axes           | 2 3 4 6 |  6.6
Throwing       | 1 |  1.0
Fighting       | 4 |  4.0
Dodging        | 1 |  1.2
Armour         | |  3.2
Shields        | |  3.2

Action                     |  1- 3 |  4- 6 |  7- 9 || total
---------------------------+-------+-------+-------++-------
  Melee: War axe           |   114 |    73 |    18 ||   205
  Throw: Javelin           |       |     1 |    16 ||    17
    Use: Scroll            |     3 |     6 |       ||     9
         Potion            |       |     1 |       ||     1
 Armour: Scale mail        |    65 |    36 |     9 ||   110
  Dodge: Dodged            |    58 |    33 |     1 ||    92
  Block: Buckler           |    26 |     6 |     3 ||    35

Table legend:
 A = Non-vault XP
 B = Vault XP
 C = Vault XP percentage of total XP
 D = Non-vault monster count
 E = Vault monster count
 F = Vault count percentage of total count
                 A         B        C        D         E       F
            +---------+---------+-------+---------+---------+-------
      Total |     525 |     333 |  38.8 |      68 |      17 |  20.0
            +---------+---------+-------+---------+---------+-------
        D:1 |      41 |       0 |   0.0 |      25 |       0 |   0.0
        D:2 |      95 |      26 |  21.5 |      19 |       9 |  32.1
        D:3 |      99 |     307 |  75.6 |       9 |       8 |  47.1
        D:4 |     290 |       0 |   0.0 |      15 |       0 |   0.0
            +---------+---------+-------+---------+---------+-------
